cohdb
Replays
Latest Replays
All Replays
Popular Replays
Top Player Replays
Match Explorer
How It Works
Community
CoH3 Stats
Reddit
Sign in to upload your games and track your stats! →
Sign in with Steam
Match 43617499
Unlisted
Match 43617499
Overview
Messages
Build Orders
End
Selects Airborne Battlegroup
Selects Heavy Machine Gun Paradrop
Heavy Machine Gun Paradrop
Construct Barracks
1⁄4-ton 4x4 Truck
Riflemen Squad
Riflemen Squad
Grenade Package
Selects Paratrooper Squad Paradrop
Heavy Machine Gun Paradrop
Selects Smoke Bombing Run
Construct Weapon Support Center
Air Support Center
Bazooka Squad
P-47 Strafing Run
Heavy Machine Gun Paradrop
miesmenes121
Pawn
DyingFiestas
achingcurve57
Joraad
Pascal
ReZuRrEcT
THCodb |LMC|
0
0
Comments
sign in to comment!
No comments posted yet!